[Event "ICC tourney 1969 (45 10)"]
[Site "Internet Chess Club"]
[Date "2020.08.22"]
[Round "1"]
[White "adelie"]
[Black "Jeffchess"]
[Result "1-0"]
[ICCResult "Black resigns"]
[WhiteElo "1929"]
[BlackElo "1350"]
[Opening "Réti opening"]
[ECO "A04"]
[NIC "QP.11"]
[Time "11:07:44"]
[TimeControl "2700+10"]

1. Nf3 a5 2. c4 a4 3. d4 c6 4. Nc3 a3 5. bxa3 e6 6. c5 d5 7. Bf4 Qa5 8. Qc2
Qxa3 9. e3 Na6 10. Bxa6 Rxa6 11. O-O Ra5 12. Rfb1 Ra6 13. Rb3 Qa5 14. e4 Nf6
15. exd5 Nxd5 16. Nxd5 exd5 17. Re3+ Be6 18. Ng5 Kd7 19. Qe2 b5 20. Nxe6
fxe6 21. Qg4 Kc8 22. Qxe6+ Kb7 23. Qd7+ Ka8 24. Re8+ {Black resigns} 1-0

[Event "ICC tourney 1969 (45 10)"]
[Site "Internet Chess Club"]
[Date "2020.08.22"]
[Round "1"]
[White "avats"]
[Black "AdityaShiv"]
[Result "0-1"]
[ICCResult "White resigns"]
[WhiteElo "1295"]
[BlackElo "1484"]
[Opening "Giuoco Pianissimo"]
[ECO "C50"]
[NIC "IG.02"]
[Time "11:08:05"]
[TimeControl "2700+10"]

1. e4 e5 2. Nf3 Nc6 3. Bc4 Bc5 4. d3 h6 5. O-O Nf6 6. Nc3 O-O 7. Be3 Bb6 8.
Qd2 d6 9. h3 Na5 10. Bb3 Nxb3 11. axb3 c6 12. d4 exd4 13. Bxd4 Re8 14. Rfe1
Nd7 15. Bxb6 Nxb6 16. Rad1 Re6 17. e5 d5 18. Nd4 Rg6 19. Nf3 Bxh3 20. Nh4
{White resigns}
0-1

[Event "ICC tourney 1969 (45 10)"]
[Site "Internet Chess Club"]
[Date "2020.08.22"]
[Round "1"]
[White "hackerguru"]
[Black "SophylacticPlay"]
[Result "0-1"]
[ICCResult "White resigns"]
[WhiteElo "1482"]
[BlackElo "1554"]
[Opening "English opening"]
[ECO "A30"]
[NIC "QP.11"]
[Time "11:07:53"]
[TimeControl "2700+10"]

1. Nf3 Nf6 2. c4 c5 3. Nc3 b6 4. d4 cxd4 5. Nxd4 Bb7 6. Bg5 e6 7. a3 a6 8.
e4 d6 9. Bd3 Be7 10. Be3 Nbd7 11. Qe2 O-O 12. O-O Rc8 13. f4 Nc5 14. e5 dxe5
15. fxe5 Nfd7 16. Bc2 Nxe5 17. Bxh7+ Kxh7 18. Qh5+ Kg8 19. Qxe5 Bf6 20. Rxf6
Qxf6 21. Qg3 Ne4 22. Nxe4 Bxe4 23. Qg4 Qg6 24. Qe2 Rxc4 25. Re1 Rd8 26. Rd1
Rc2 27. Rd2 Rc1+ {White resigns} 0-1

[Event "ICC tourney 1969 (45 10)"]
[Site "Internet Chess Club"]
[Date "2020.08.22"]
[Round "1"]
[White "stgummadi"]
[Black "chessforme17"]
[Result "0-1"]
[ICCResult "White resigns"]
[WhiteElo "1411"]
[BlackElo "1523"]
[Opening "Sicilian: Najdorf, Byrne (English) attack"]
[ECO "B90"]
[NIC "SI.14"]
[Time "11:07:55"]
[TimeControl "2700+10"]

1. e4 c5 2. Nf3 d6 3. d4 cxd4 4. Nxd4 Nf6 5. Nc3 a6 6. Be3 e6 7. f3 b5 8.
Qd2 Nbd7 9. O-O-O h6 10. Bf4 Bb7 11. Nb3 b4 12. Nb1 e5 13. Be3 a5 14. a3
bxa3 15. Nxa3 a4 16. Na1 d5 17. Nb5 d4 18. Bf2 a3 19. c3 Qa5 20. cxd4 Bb4
21. Qe2 axb2+ 22. Qxb2 Qxa1+ 23. Kc2 Rc8+ 24. Kb3 Qxd1+ 25. Kxb4 O-O 26. Nd6
Rb8 27. Qa3 Bd5+ 28. Kc3 Rb3+ {White resigns} 0-1

[Event "ICC tourney 1969 (45 10)"]
[Site "Internet Chess Club"]
[Date "2020.08.22"]
[Round "1"]
[White "sirking2800"]
[Black "CoolBruhO"]
[Result "1-0"]
[ICCResult "Black checkmated"]
[WhiteElo "2007"]
[BlackElo "1462"]
[Opening "Latvian counter-gambit"]
[ECO "C40"]
[NIC "KP.09"]
[Time "11:07:41"]
[TimeControl "2700+10"]

1. e4 e5 2. Nf3 f5 3. Nxe5 Qf6 4. d4 d6 5. Nc4 Be6 6. d5 Bf7 7. Bd3 fxe4 8.
Bxe4 Nd7 9. O-O Be7 10. Nc3 a6 11. a4 h5 12. Re1 Nh6 13. Bf3 Ng4 14. Ne4 Qh4
15. h3 Nc5 16. Qd4 O-O-O 17. Ncd2 Nf6 18. Nxd6+ Bxd6 19. Qxh4 Nxd5 20. Nc4
g6 21. Nxd6+ Rxd6 22. Bxd5 Bxd5 23. b4 Ne6 24. Bf4 Rd7 25. c4 Nxf4 26. Qxf4
Bf7 27. Rad1 Rhd8 28. Rxd7 Rxd7 29. Qf6 b6 30. Re7 Rd1+ 31. Kh2 Bxc4 32. Qc6
Kb8 33. Qxc7+ Ka8 34. Qb7# {Black checkmated} 1-0

[Event "ICC tourney 1969 (45 10)"]
[Site "Internet Chess Club"]
[Date "2020.08.22"]
[Round "1"]
[White "jy2020"]
[Black "Zach-Ry"]
[Result "1-0"]
[ICCResult "Black resigns"]
[WhiteElo "2234"]
[BlackElo "1797"]
[Opening "Ruy Lopez: Berlin defense, Beverwijk variation"]
[ECO "C64"]
[NIC "RL.01"]
[Time "11:07:53"]
[TimeControl "2700+10"]

1. e4 e5 2. Nf3 Nc6 3. Bb5 Bc5 4. O-O Nf6 5. d3 d6 6. Be3 Bb6 7. h3 O-O 8.
c3 h6 9. Nbd2 Nh7 10. d4 Qe7 11. Re1 Bd7 12. Ba4 Rad8 13. Bb3 Rfe8 14. Nf1
exd4 15. cxd4 Na5 16. Bc2 Nc4 17. Bc1 a6 18. Bd3 Na5 19. d5 Bb5 20. b4 Nc4
21. a4 {Black resigns} 1-0

[Event "ICC tourney 1969 (45 10)"]
[Site "Internet Chess Club"]
[Date "2020.08.22"]
[Round "1"]
[White "slolla"]
[Black "tanishqchess"]
[Result "1-0"]
[ICCResult "Black resigns"]
[WhiteElo "1790"]
[BlackElo "1392"]
[Opening "QGD: exchange, positional line"]
[ECO "D35"]
[NIC "QO.16"]
[Time "11:07:47"]
[TimeControl "2700+10"]

1. d4 d5 2. c4 e6 3. Nc3 Nf6 4. cxd5 exd5 5. Bg5 Be7 6. e3 O-O 7. Bd3 h6 8.
Bh4 Nc6 9. Nge2 Bg4 10. O-O Re8 11. f3 Bh5 12. a3 a6 13. Nf4 Qd6 14. Bxf6
Qxf6 15. Nxh5 Qh4 16. Nf4 Bd6 17. g3 Qg5 18. Ncxd5 Ne7 19. Nxe7+ Rxe7 20.
Qd2 Rae8 21. Rae1 c5 22. d5 c4 23. Bxc4 Bc5 24. Ng2 Rxe3 25. Nxe3 Rxe3 26.
Kh1 Rxe1 27. Qxe1 b5 28. Qe8+ Kh7 29. Bd3+ g6 30. Qxf7+ Kh8 31. Qxg6 Qxg6
32. Bxg6 Kg7 33. Be4 Kf6 34. Rc1 Bd6 35. Rc6 Ke7 36. Rxd6 Kxd6 37. Kg2 a5
38. Kf2 b4 39. axb4 axb4 40. Ke3 b3 41. Kd3 h5 42. Kc3 Ke5 43. Kxb3 Kd6 44.
Kc4 Kd7 45. Kc5 Kc7 46. d6+ Kd7 47. Bf5+ Kd8 48. d7 h4 49. Kc6 h3 50. b4 Ke7
51. Kc7 Kf6 52. d8=Q+ Kxf5 {Black resigns} 1-0

[Event "ICC tourney 1969 (45 10)"]
[Site "Internet Chess Club"]
[Date "2020.08.22"]
[Round "1"]
[White "tcao"]
[Black "SunnyDays0"]
[Result "1-0"]
[ICCResult "Black resigns"]
[WhiteElo "1476"]
[BlackElo "1310"]
[Opening "French: Winawer (Nimzovich) variation"]
[ECO "C15"]
[NIC "FR.08"]
[Time "11:07:44"]
[TimeControl "2700+10"]

1. e4 e6 2. d4 d5 3. Nc3 Bb4 4. a3 Bxc3+ 5. bxc3 Ne7 6. Bd3 c5 7. exd5 exd5
8. dxc5 Qa5 9. Ne2 Bg4 10. O-O O-O 11. h3 Bh5 12. Be3 Nd7 13. Rb1 Rab8 14.
Bf4 Rbe8 15. Rxb7 Nxc5 16. Rb5 Bxe2 17. Rxa5 Bxd1 18. Rxc5 Bh5 19. Bd6 f6
20. Rc7 Rf7 21. Re1 {Black resigns} 1-0

[Event "ICC tourney 1969 (45 10)"]
[Site "Internet Chess Club"]
[Date "2020.08.22"]
[Round "1"]
[White "Pranavs23"]
[Black "dzchess01"]
[Result "0-1"]
[ICCResult "White checkmated"]
[WhiteElo "1408"]
[BlackElo "1842"]
[Opening "Sicilian defense"]
[ECO "B40"]
[NIC "SI.43"]
[Time "11:07:41"]
[TimeControl "2700+10"]

1. e4 c5 2. Nf3 e6 3. Nc3 Nc6 4. Bc4 a6 5. Be2 Qc7 6. d4 cxd4 7. Nxd4 Nf6 8.
Nxc6 bxc6 9. Bg5 Be7 10. Qd2 O-O 11. Bd3 h6 12. Be3 d5 13. exd5 cxd5 14. Ne2
e5 15. f3 e4 16. fxe4 dxe4 17. Qc3 Qxc3+ 18. Nxc3 exd3 19. cxd3 Bf5 20.
O-O-O Rfd8 21. d4 Rac8 22. h3 Nd5 23. Bd2 Nxc3 24. Bxc3 Bg5+ 25. Rd2 Rxd4
26. Rd1 Rxd2 27. Rxd2 Bxd2+ 28. Kxd2 f6 29. g4 Be6 30. a3 Kf7 31. b4 Bc4 32.
a4 Rd8+ 33. Kc2 Rd3 34. h4 Rg3 35. g5 hxg5 36. hxg5 Rxg5 37. Bd2 Rg2 38. Kc3
Rxd2 39. Kxd2 Ke6 40. Kc3 Kd5 41. b5 Bxb5 42. axb5 axb5 43. Kb4 g5 44. Kxb5
g4 45. Kb4 g3 46. Kc3 g2 47. Kb3 g1=Q 48. Kb2 Qe3 49. Ka2 Qb6 50. Ka3 Kc4
51. Ka2 Kc3 52. Ka1 Qb2# {White checkmated} 0-1

[Event "ICC tourney 1969 (45 10)"]
[Site "Internet Chess Club"]
[Date "2020.08.22"]
[Round "1"]
[White "HR2005"]
[Black "Vish1080"]
[Result "1-0"]
[ICCResult "Black checkmated"]
[WhiteElo "2066"]
[BlackElo "1670"]
[Opening "Sicilian: Labourdonnais-Löwenthal (Kalashnikov) variation"]
[ECO "B32"]
[NIC "SI.32"]
[Time "11:07:42"]
[TimeControl "2700+10"]

1. e4 c5 2. Nf3 Nc6 3. d4 cxd4 4. Nxd4 e5 5. Nb5 d6 6. N1c3 a6 7. Na3 Be7 8.
Nd5 Nf6 9. Be3 Nxd5 10. exd5 Nb8 11. Nc4 Nd7 12. a4 O-O 13. Be2 f5 14. f4 g5
15. fxg5 f4 16. Bf2 Bxg5 17. Nxd6 Nf6 18. Nxc8 Rxc8 19. Bg4 Qa5+ 20. c3 Rcd8
21. Be6+ Kh8 22. O-O e4 23. Bd4 e3 24. Qg4 Rxd5 25. Bxd5 Qxd5 26. Bxf6+ Rxf6
27. h4 Bh6 28. Rad1 Qc5 29. Rd8+ Rf8 30. Rxf8+ Bxf8 31. Kh1 Bd6 32. h5 Qe5
33. Qc8+ Kg7 34. Qxb7+ Kh6 35. Qf3 a5 36. Rd1 Bc7 37. Rd5 Qe6 38. Rd1 Qe5
39. Qc6+ Kxh5 40. Rd5 Kg4 41. Rxe5 Bxe5 42. Qf3+ Kf5 43. g3 Kg5 44. gxf4+
Bxf4 45. Kg2 h5 46. b4 axb4 47. cxb4 e2 48. Qxe2 Bd2 49. Qxd2+ Kg6 50. Qd5
Kh6 51. a5 Kg6 52. a6 Kh6 53. a7 Kg6 54. a8=Q Kh6 55. Qh8+ Kg6 56. Qdxh5#
{Black checkmated}
1-0

[Event "ICC tourney 1969 (45 10)"]
[Site "Internet Chess Club"]
[Date "2020.08.22"]
[Round "1"]
[White "mrmusicwriter5"]
[Black "funplaychess"]
[Result "0-1"]
[ICCResult "White resigns"]
[WhiteElo "1586"]
[BlackElo "2378"]
[Opening "Sicilian: closed"]
[ECO "B23"]
[NIC "SI.44"]
[Time "11:07:52"]
[TimeControl "2700+10"]

1. e4 c5 2. Nc3 d6 3. f4 Nc6 4. Nf3 g6 5. Bb5 Bd7 6. O-O Bg7 7. d3 Nf6 8.
Qe1 Nd4 9. Bxd7+ Nxd7 10. Nxd4 cxd4 11. Ne2 Rc8 12. c3 Nc5 13. Qg3 dxc3 14.
bxc3 Na4 15. d4 Nxc3 16. Nxc3 Bxd4+ 17. Kh1 Rxc3 18. Qg4 Qc8 19. f5 gxf5 20.
exf5 Rc4 21. Rb1 Bb2 22. Qg5 Bf6 23. Qe3 b6 24. Bb2 Qc5 25. Qf3 Qc6 26. Qe3
Rg8 27. Rg1 Qe4 28. Qxe4 Rxe4 29. Bxf6 exf6 30. Rbc1 Kd7 31. Rc2 Rc8 32. Rd2
h5 33. Rgd1 Rc6 34. h3 b5 35. Kg1 a5 36. Kf2 Rf4+ 37. Kg3 Rxf5 38. Rd5 Rxd5
39. Rxd5 Rc5 {White resigns} 0-1

[Event "ICC tourney 1969 (45 10)"]
[Site "Internet Chess Club"]
[Date "2020.08.22"]
[Round "1"]
[White "carahsu08"]
[Black "binomialfactor"]
[Result "0-1"]
[ICCResult "White resigns"]
[WhiteElo "1513"]
[BlackElo "2191"]
[Opening "Sicilian: Pelikan (Lasker/Sveshnikov) variation"]
[ECO "B33"]
[NIC "SI.35"]
[Time "11:07:42"]
[TimeControl "2700+10"]

1. e4 c5 2. Nf3 Nc6 3. d4 cxd4 4. Nxd4 Nf6 5. Nc3 e5 6. Nb3 Bb4 7. Bd3 d5 8.
exd5 Nxd5 9. Bd2 Nxc3 10. Bxc3 Bxc3+ 11. bxc3 O-O 12. O-O Qe7 13. Qe2 a6 14.
Rfe1 f5 15. f3 Be6 16. Kh1 g6 17. a4 Rad8 18. Reb1 Bf7 19. Re1 Rfe8 20. Qf2
Bxb3 21. cxb3 Rxd3 22. Qc2 Red8 23. Rad1 Qd6 {White resigns} 0-1

[Event "ICC tourney 1969 (45 10)"]
[Site "Internet Chess Club"]
[Date "2020.08.22"]
[Round "1"]
[White "ramennoodle"]
[Black "orwind"]
[Result "1-0"]
[ICCResult "Black checkmated"]
[WhiteElo "1257"]
[BlackElo "1280"]
[Opening "Ruy Lopez: Möller defense"]
[ECO "C78"]
[NIC "RL.12"]
[Time "11:07:51"]
[TimeControl "2700+10"]

1. e4 e5 2. Nf3 Nc6 3. Bb5 a6 4. Ba4 Nf6 5. O-O Bc5 6. Nxe5 Nxe5 7. d4 Nc6
8. dxc5 Qe7 9. Nc3 Qxc5 10. Be3 Qe7 11. Bg5 h6 12. Nd5 Qd8 13. Bxf6 gxf6 14.
Qf3 b5 15. Bb3 Nd4 16. Qg4 Ne6 17. Qf5 Nd4 18. Nxf6+ Kf8 19. Qc5+ d6 20.
Qxd4 c5 21. Nd7+ Ke7 22. Nxc5 dxc5 23. Qe5+ Be6 24. Bxe6 fxe6 25. Rad1 Qf8
26. Qc7+ Kf6 27. Rd3 Kg6 28. Rg3+ Kh5 29. Qe5+ Kh4 30. Rh3+ Kg4 31. Qg3#
{Black checkmated}
1-0

[Event "ICC tourney 1969 (45 10)"]
[Site "Internet Chess Club"]
[Date "2020.08.22"]
[Round "1"]
[White "Chris0708"]
[Black "davika21"]
[Result "0-1"]
[ICCResult "White checkmated"]
[WhiteElo "1256"]
[BlackElo "1522"]
[Opening "KP: Patzer opening"]
[ECO "C20"]
[NIC "KP.10"]
[Time "11:07:50"]
[TimeControl "2700+10"]

1. e4 e5 2. Qh5 Nc6 3. Bc4 g6 4. Qf3 Nf6 5. Ne2 Bg7 6. Nbc3 O-O 7. d3 Na5 8.
Bb3 Nxb3 9. axb3 c6 10. Bg5 d6 11. h3 Be6 12. O-O d5 13. Ng3 d4 14. Nd1 h6
15. Bxf6 Qxf6 16. Qxf6 Bxf6 17. c3 Bxb3 18. c4 Bc2 19. b3 a5 20. Nb2 Bxb3
21. Ra3 a4 22. c5 Be7 23. Nxa4 Bxa4 24. Rfa1 b5 25. cxb6 Bxa3 26. b7 Ra6 27.
Rxa3 Rb8 28. Ra2 Rxb7 29. Kf1 Rb1+ 30. Ke2 Bd1+ 31. Ke1 Bf3+ 32. Kd2 Rxa2#
{White checkmated}
0-1

[Event "ICC tourney 1969 (45 10)"]
[Site "Internet Chess Club"]
[Date "2020.08.22"]
[Round "1"]
[White "riachuvspikachu"]
[Black "Adhvaith0406"]
[Result "0-1"]
[ICCResult "White resigns"]
[WhiteElo "1561"]
[BlackElo "1997"]
[Opening "Sicilian: Najdorf, Opocensky variation"]
[ECO "B92"]
[NIC "SI.11"]
[Time "11:07:58"]
[TimeControl "2700+10"]

1. e4 c5 2. Nf3 d6 3. d4 cxd4 4. Nxd4 Nf6 5. Nc3 a6 6. Be2 e5 7. Nb3 Be7 8.
Be3 O-O 9. Qd2 Be6 10. O-O-O b5 11. Rdg1 Nbd7 12. g4 b4 13. Nd5 a5 14. f3 a4
15. Na1 Bxd5 16. exd5 Ra5 17. g5 Nxd5 18. h4 Nxe3 19. Qxe3 d5 20. Qxe5 Nxe5
{White resigns}
0-1

[Event "ICC tourney 1969 (45 10)"]
[Site "Internet Chess Club"]
[Date "2020.08.22"]
[Round "1"]
[White "saiabhi29"]
[Black "tricksterssbu"]
[Result "1-0"]
[ICCResult "Black resigns"]
[WhiteElo "2058"]
[BlackElo "1454"]
[Opening "Queen's pawn, Mason variation"]
[ECO "D00"]
[NIC "QP.08"]
[Time "11:07:39"]
[TimeControl "2700+10"]

1. d4 d5 2. Bf4 Nf6 3. e3 Bf5 4. Bd3 Bxd3 5. Qxd3 Nbd7 6. Nf3 e6 7. Nbd2 Be7
8. h3 O-O 9. O-O c5 10. c3 Rc8 11. Rfe1 cxd4 12. exd4 Qb6 13. Rab1 Bd6 14.
Ne5 Rfe8 15. Ndf3 Qc7 16. Rbc1 Ne4 17. c4 Nxe5 18. Nxe5 Qe7 19. c5 Bxe5 20.
Bxe5 f6 21. Bh2 b6 22. b4 Qd7 23. f3 Ng5 24. b5 bxc5 25. dxc5 e5 26. Red1 e4
27. fxe4 Nxe4 28. Qxd5+ Qxd5 29. Rxd5 Rc7 30. Bxc7 {Black resigns} 1-0

[Event "ICC tourney 1969 (45 10)"]
[Site "Internet Chess Club"]
[Date "2020.08.22"]
[Round "1"]
[White "investigator"]
[Black "happyscientist"]
[Result "1-0"]
[ICCResult "Black resigns"]
[WhiteElo "2104"]
[BlackElo "1703"]
[Opening "English opening"]
[ECO "A16"]
[NIC "EO.64"]
[Time "11:07:50"]
[TimeControl "2700+10"]

1. c4 Nf6 2. Nc3 g6 3. g3 Bg7 4. Bg2 O-O 5. e4 e5 6. Nge2 d6 7. O-O Be6 8.
d3 Qd7 9. f4 Nc6 10. Nd5 Bh3 11. f5 Bxg2 12. Kxg2 Ne7 13. Nxf6+ Bxf6 14. g4
Nc6 15. h3 g5 16. Ng3 Qe7 17. Nh5 h6 18. h4 Nd4 19. hxg5 Bxg5 20. f6 Qe6 21.
Bxg5 hxg5 22. Rf5 Nxf5 23. gxf5 Qd7 24. Qg4 {Black resigns} 1-0

[Event "ICC tourney 1969 (45 10)"]
[Site "Internet Chess Club"]
[Date "2020.08.22"]
[Round "1"]
[White "Hocky"]
[Black "vishalanil"]
[Result "0-1"]
[ICCResult "White checkmated"]
[WhiteElo "1740"]
[BlackElo "1641"]
[Opening "Scotch gambit: Dubois-Réti defense"]
[ECO "C55"]
[NIC "KP.02"]
[Time "11:07:40"]
[TimeControl "2700+10"]

1. e4 e5 2. Nf3 Nc6 3. d4 exd4 4. Bc4 Nf6 5. e5 d5 6. Bb5 Ne4 7. Nxd4 Bd7 8.
Bxc6 bxc6 9. Nd2 Qh4 10. O-O Bc5 11. N2f3 Qh5 12. Be3 O-O 13. Re1 Rab8 14.
Nb3 Bxe3 15. Rxe3 Bg4 16. Qd4 Bxf3 17. Rxf3 Ng5 18. Rg3 Ne6 19. Qxa7 Qxe5
20. Qe3 Qxb2 21. Qc3 Qxc3 22. Rxc3 Rb6 23. h3 Ra8 24. Kh2 Kf8 25. Kg3 Ra4
26. Nc5 Nxc5 27. Rxc5 Ra3+ 28. f3 Ke7 29. c4 Kd6 30. cxd5 Kxc5 31. dxc6 Kxc6
32. Rc1+ Kd7 33. Rd1+ Rd6 34. Rxd6+ Kxd6 35. Kf4 Rxa2 36. Ke4 Rxg2 37. h4 c5
38. Kd3 Kd5 39. Kc3 Rg3 40. Kd2 Rxf3 41. Kc2 Kc4 42. Kd2 Kd4 43. Kc2 Rd3 44.
Kb2 c4 45. Kc2 c3 46. Kc1 Kc4 47. Kc2 Rd2+ 48. Kc1 Kb3 49. Kb1 Rd1#
{White checkmated}
0-1

[Event "ICC tourney 1969 (45 10)"]
[Site "Internet Chess Club"]
[Date "2020.08.22"]
[Round "1"]
[White "blueeagle405"]
[Black "Luc2008"]
[Result "1-0"]
[ICCResult "Black resigns"]
[WhiteElo "1977"]
[BlackElo "1570"]
[Opening "Nimzo-Indian: 4.e3 e8g8, 5.Nf3, without ...d5"]
[ECO "E50"]
[NIC "NI.11"]
[Time "11:08:13"]
[TimeControl "2700+10"]

1. d4 Nf6 2. c4 e6 3. Nc3 Bb4 4. e3 O-O 5. Nf3 b6 6. Bd3 Bb7 7. Qc2 c5 8. a3
Bxc3+ 9. bxc3 d5 10. cxd5 exd5 11. O-O Nc6 12. dxc5 bxc5 13. c4 Na5 14. Rd1
Ba6 15. Bb2 Bxc4 16. Ng5 g6 17. Qc3 d4 18. Qc2 Bxd3 19. Rxd3 Qd5 20. Nf3
Rab8 21. exd4 c4 22. Re3 Nb3 23. Rae1 Rfe8 24. Re5 Qc6 25. Rxe8+ Rxe8 26.
Rxe8+ Qxe8 27. Qxc4 Na5 28. Qc2 Qb5 29. h3 Nc4 30. Bc1 Nd5 31. a4 Qb4 32.
Qe4 Nc3 33. Qe8+ Qf8 34. Qc6 Ne2+ 35. Kf1 Nxc1 36. Qxc4 Qa3 37. Ne5 Na2 38.
Qxf7+ Kh8 39. Qe8+ Kg7 40. Qf7+ Kh8 41. Qc4 Qc1+ 42. Qxc1 Nxc1 43. Ke1 Nb3
44. Nc6 Kg7 45. Kd1 Na1 46. Kc1 Nb3+ 47. Kc2 Na1+ 48. Kb2 {Black resigns}
1-0

[Event "ICC tourney 1969 (45 10)"]
[Site "Internet Chess Club"]
[Date "2020.08.22"]
[Round "1"]
[White "imranchamp"]
[Black "lemonoosa"]
[Result "0-1"]
[ICCResult "White checkmated"]
[WhiteElo "1657"]
[BlackElo "2073"]
[Opening "Caro-Kann: advance variation"]
[ECO "B12"]
[NIC "CK.04"]
[Time "11:07:46"]
[TimeControl "2700+10"]

1. e4 c6 2. d4 d5 3. e5 Bf5 4. h4 h5 5. c4 e6 6. Nc3 Nd7 7. cxd5 cxd5 8. Be2
Ne7 9. a3 Nc6 10. Nf3 Be7 11. g3 Qb6 12. Na4 Qc7 13. O-O O-O 14. Be3 Rac8
15. Rc1 Qb8 16. Nh2 g6 17. Nc3 a6 18. Kg2 f6 19. g4 hxg4 20. Nxg4 fxe5 21.
Nh6+ Kg7 22. Nxf5+ Rxf5 23. Bg4 exd4 24. Bxf5 gxf5 25. Bxd4+ Nxd4 26. Qxd4+
Kf7 27. Rcd1 Rg8+ 28. Kf3 Rg4 29. Qd2 Ne5+ 30. Ke2 Nc4 31. Qc1 Qe5+ 32. Kd3
Rxh4 33. f4 Rh3+ 34. Kc2 Nxa3+ 35. Kb3 Qe4 36. bxa3 Qc4+ 37. Kb2 Bxa3+ 38.
Kxa3 Rxc3+ 39. Kb2 Rb3+ 40. Ka1 Qa4+ 41. Qa3 Qxa3# {White checkmated} 0-1

[Event "ICC tourney 1969 (45 10)"]
[Site "Internet Chess Club"]
[Date "2020.08.22"]
[Round "1"]
[White "Rohanius"]
[Black "annameiyappan"]
[Result "0-1"]
[ICCResult "White checkmated"]
[WhiteElo "1472"]
[BlackElo "2050"]
[Opening "Scandinavian (center counter) defense"]
[ECO "B01"]
[NIC "SD.01"]
[Time "11:07:44"]
[TimeControl "2700+10"]

1. e4 d5 2. exd5 Qxd5 3. Nc3 Qa5 4. d4 c6 5. Nf3 Nf6 6. Bd3 Bf5 7. Bxf5 Qxf5
8. O-O e6 9. Be3 Bd6 10. h3 O-O 11. Qd2 Nbd7 12. Rfe1 Rad8 13. Qe2 Qa5 14.
Bd2 Qc7 15. Bg5 h6 16. Bd2 Rfe8 17. Rad1 e5 18. Qd3 exd4 19. Rxe8+ Rxe8 20.
Nxd4 Ne5 21. Qf1 Qb6 22. Nf5 Bb8 23. Bc1 Qc7 24. f4 Ng6 25. g3 Ne7 26. Qd3
Nxf5 27. Qxf5 a6 28. Qd3 Ba7+ 29. Kg2 Qb6 30. Qf3 Kh7 31. Qd3+ g6 32. Qf3
Qc5 33. g4 Nd5 34. f5 g5 35. Nxd5 cxd5 36. Qxd5 Qf2+ 37. Kh1 Re1+ 38. Rxe1
Qxe1+ 39. Kg2 Qf2+ 40. Kh1 Qg1# {White checkmated} 0-1

[Event "ICC tourney 1969 (45 10)"]
[Site "Internet Chess Club"]
[Date "2020.08.22"]
[Round "1"]
[White "varsat"]
[Black "NeevG"]
[Result "1-0"]
[ICCResult "Black resigns"]
[WhiteElo "1469"]
[BlackElo "1282"]
[Opening "Giuoco Piano"]
[ECO "C54"]
[NIC "IG.02"]
[Time "11:07:52"]
[TimeControl "2700+10"]

1. e4 e5 2. Nf3 Nc6 3. Bc4 Bc5 4. c3 Nf6 5. d4 exd4 6. cxd4 Bb4+ 7. Bd2 Nxe4
8. Bxb4 Nxb4 9. Bxf7+ Kf8 10. Bb3 d5 11. Ne5 Be6 12. O-O c6 13. Re1 Qf6 14.
Qe2 Re8 15. Nc3 Nd6 16. a3 Na6 17. Qd3 Nc7 18. Re3 Ke7 19. Rae1 Kd8 20. Rf3
Bf5 21. Qe3 g6 22. g4 Rhg8 23. Kh1 h5 24. gxf5 gxf5 25. Ne2 Ne6 26. Nf4 Ng5
27. Rg3 Nde4 28. Rgg1 h4 29. Bc2 Ref8 30. Bxe4 fxe4 31. Rxg5 Rxg5 32. Ne6+
Ke8 33. Nxf8 Rxe5 34. Nh7 Qg7 35. dxe5 Qxh7 36. Qg5 Kd7 37. Rg1 b6 38. Qf6
Ke8 39. Qxc6+ Kd8 40. Qa8+ {Black resigns} 1-0

[Event "ICC tourney 1969 (45 10)"]
[Site "Internet Chess Club"]
[Date "2020.08.22"]
[Round "1"]
[White "sathviks"]
[Black "arodmed30"]
[Result "1-0"]
[ICCResult "Black checkmated"]
[WhiteElo "2200"]
[BlackElo "1526"]
[Opening "Sicilian: accelerated fianchetto, Maróczy bind, 6.Be3"]
[ECO "B38"]
[NIC "SI.33"]
[Time "11:07:41"]
[TimeControl "2700+10"]

1. e4 c5 2. Nf3 g6 3. d4 cxd4 4. Nxd4 Nc6 5. c4 Bg7 6. Be3 Nf6 7. Nc3 O-O 8.
Be2 d6 9. O-O Bd7 10. f4 Rc8 11. Nb3 b6 12. a3 Re8 13. h3 Rf8 14. Rc1 Nb8
15. Qc2 Na6 16. Nd4 Nc5 17. b4 Ne6 18. Nb3 Bc6 19. f5 Nc7 20. Rcd1 Nd7 21.
Nd5 Nxd5 22. exd5 Ba4 23. Rc1 Ne5 24. Qa2 Bd7 25. Nd4 Qc7 26. Qc2 Rfe8 27.
fxg6 fxg6 28. Qb3 Rf8 29. c5 bxc5 30. bxc5 Rb8 31. Rxf8+ Bxf8 32. Qa2 Be8
33. Ne6 Qa5 34. c6 Rc8 35. Nxf8 Kxf8 36. Qb2 Qxd5 37. Bc4 Qe4 38. Bh6#
{Black checkmated}
1-0

[Event "ICC tourney 1969 (45 10)"]
[Site "Internet Chess Club"]
[Date "2020.08.22"]
[Round "1"]
[White "serafindelapaz"]
[Black "Chessking2008"]
[Result "0-1"]
[ICCResult "White resigns"]
[WhiteElo "1677"]
[BlackElo "2153"]
[Opening "Queen's pawn: London system"]
[ECO "A45"]
[NIC "QP.07"]
[Time "11:08:02"]
[TimeControl "2700+10"]

1. d4 Nf6 2. Bf4 c5 3. e3 d5 4. c3 e6 5. Nf3 Nc6 6. Nbd2 Bd6 7. Bg3 O-O 8.
Bd3 Qe7 9. Ne5 Nd7 10. f4 f6 11. Bxh7+ Kxh7 12. Qh5+ Kg8 13. Ng6 Qe8 14. O-O
Ne7 15. Qh8+ Kf7 16. Nxf8 Qxf8 17. Qh5+ Kg8 18. e4 cxd4 19. cxd4 Bb4 20.
exd5 Bxd2 21. dxe6 Nb6 22. Qe2 Bb4 23. f5 Nbd5 24. Rac1 Qe8 25. Rf3 g6 26.
a3 Nxf5 27. Qe4 Bd2 28. Rxc8 Rxc8 29. Qxd5 Rc1+ 30. Kf2 Be1+ 31. Ke2 Bxg3
32. hxg3 Rc6 33. Rd3 Qxe6+ 34. Qxe6+ Rxe6+ 35. Kf3 Kf7 36. g4 Ne7 37. d5 Rd6
38. Ke4 g5 39. b4 a6 40. a4 Ke8 41. b5 axb5 42. axb5 Kd7 43. Rd4 Kc7 44. Kd3
Kb6 45. Kc4 Rxd5 46. Rxd5 Nxd5 47. Kxd5 Kxb5 48. Ke6 Kc4 49. Kxf6 b5 50.
Kxg5 b4 51. Kf6 b3 52. g5 b2 53. g6 b1=Q 54. g7 Qb8 55. Kf7 Qc7+ 56. Kf8
Qd8+ 57. Kf7 Qd7+ 58. Kf8 Qf5+ 59. Ke8 Qg6+ 60. Kf8 Qf6+ 61. Kg8 Kd5 62. Kh7
Qf7 63. Kh8 Qh5+ 64. Kg8 Ke6 65. g3 Kf6 66. g4 Qf7+ {White resigns} 0-1

[Event "ICC tourney 1969 (45 10)"]
[Site "Internet Chess Club"]
[Date "2020.08.22"]
[Round "1"]
[White "vyomvidy"]
[Black "Priccchess"]
[Result "1-0"]
[ICCResult "Black resigns"]
[WhiteElo "2245"]
[BlackElo "1753"]
[Opening "Dunst (Sleipner,Heinrichsen) opening"]
[ECO "A00"]
[NIC "VO.15"]
[Time "11:07:54"]
[TimeControl "2700+10"]

1. Nc3 e5 2. Nf3 d6 3. d4 exd4 4. Nxd4 Nf6 5. Bg5 Be7 6. e3 O-O 7. Bd3 h6 8.
Bh4 Bd7 9. Nf5 Bxf5 10. Bxf5 Nc6 11. Qe2 Nd7 12. Bxe7 Qxe7 13. O-O-O Nb6 14.
g4 Rfe8 15. h4 g6 16. Be4 Rad8 17. h5 Kg7 18. g5 hxg5 19. hxg6 fxg6 20. Bxg6
Rh8 21. Be4 Ne5 22. f4 Nf7 23. fxg5 c6 24. Rh5 d5 25. Bd3 Rxh5 26. Qxh5
Qxe3+ 27. Kb1 Qxg5 28. Qh7+ Kf8 29. Bg6 Qf6 30. Bxf7 Qxf7 31. Qh3 Ke7 32.
Ne4 Rf8 33. Qa3+ Kd8 34. Ng5 Qe7 35. Ne6+ Ke8 36. Qxe7+ Kxe7 37. Nxf8 Kxf8
38. Rh1 Nd7 39. Rh8+ Ke7 40. Ra8 Kd6 41. Rxa7 b5 42. b3 Ne5 43. a4 bxa4 44.
bxa4 Nc4 45. a5 Kc5 46. a6 Kb6 47. Ra8 Na3+ 48. Kb2 Nb5 49. Kb3 Na7 50. Kb4
c5+ 51. Kb3 Kxa6 52. Rd8 d4 53. Kc4 Nb5 54. Ra8+ Kb7 55. Kxb5 Kxa8 56. Kxc5
Kb7 57. Kxd4 Kc8 58. Kc5 Kc7 59. c4 Kd7 60. Kb6 Kc8 61. Kc6 Kb8 62. Kd7 Kb7
63. c5 {Black resigns} 1-0